 Dungeon Crawl Stone Soup version 0.23.2-40-g277498a001 (webtiles) character file.

Game seed: 272565835426054960

291 MisterOstroum the Conjurer (level 6, -5/37 HPs)
             Began as a Kobold Conjurer on Aug 28, 2019.
             Was a Follower of Sif Muna.
             Shot with an arrow by a centaur (10 damage)
             ... on level 5 of the Dungeon.
             The game lasted 00:28:25 (6001 turns).

MisterOstroum the Conjurer (Kobold Conjurer)        Turns: 6001, Time: 00:28:26

Health: -5/37      AC:  5    Str:  5    XL:     6   Next: 58%
Magic:  8/10       EV: 15    Int: 18    God:    Sif Muna [*.....]
Gold:   533        SH:  0    Dex: 16    Spells: 7/10 levels left

rFire    . . .     SeeInvis .   i - +0 short sword
rCold    . . .     Gourm    .   (shield restricted)
rNeg     . . .     Faith    .   a - +0 robe
rPois    .         Spirit   .   t - +0 helmet (curse)
rElec    .         Reflect  .   (no cloak)
rCorr    .         Harm     .   A - +0 pair of gloves
MR       .....                  y - +0 pair of boots
Stlth    +++.......             (no amulet)
HPRegen  0.12/turn              (no ring)
MPRegen  0.12/turn              (no ring)

@: no status effects
A: small, carnivore
a: Divine Energy, Renounce Religion


You were on level 5 of the Dungeon.
You worshipped Sif Muna.
Sif Muna was aware of your devotion.
You were full.

You visited 1 branch of the dungeon, and saw 5 of its levels.
You also visited: Sewer and Ossuary.

You collected 533 gold pieces.

Inventory:

Hand Weapons
 d - a +0 dagger
 i - a +0 short sword (weapon)
Missiles
 f - 5 tomahawks
 k - 108 stones (quivered)
Armour
 a - a +0 robe (worn)
 c - a +0 leather armour
 j - a +0 ring mail
 t - a cursed +0 helmet (worn)
 w - a +2 ring mail of poison resistance
 y - a +0 pair of boots (worn)
 A - a +0 pair of gloves (worn)
 B - a +0 buckler
Jewellery
 u - an uncursed ring of ice {unknown}
Scrolls
 b - a scroll of immolation
 g - a scroll of enchant weapon {unknown}
 h - 2 scrolls of fog {unknown}
 l - 2 scrolls of teleportation {@r3 !r}
 n - a scroll of noise {unknown}
 p - 3 scrolls of identify {unknown}
 q - a scroll of random uselessness {unknown}
 s - a scroll of blinking {unknown}
 C - a scroll of fear {unknown}
 D - a scroll of enchant armour {unknown}
 E - a scroll of amnesia
Potions
 m - a potion of heal wounds {unknown}
 o - 2 potions of curing {unknown}
 r - a potion of haste {unknown}
 v - 2 potions of flight
 x - a potion of invisibility {unknown}
 z - a potion of degeneration {unknown}
Comestibles
 e - 14 rations


   Skills:
 + Level 3.3 Fighting
 - Level 2.4 Dodging
 - Level 5.0 Stealth
 + Level 1.7 Shields
 - Level 2.8 Spellcasting
 - Level 5.0 Conjurations


You had 7 spell levels left.
You knew the following spells:

 Your Spells              Type           Power        Failure   Level  Hunger
a - Magic Dart            Conj           ###.         2%          1    None
b - Searing Ray           Conj           ###...       3%          2    ##.....

Your spell library contained the following spells:

 Spells                   Type           Power        Failure   Level  Hunger
 Dazzling Spray           Conj/Hex       ##....       19%         3    ###....
 Iskenderun's Mystic Bla  Conj           ###.....     22%         4    ####...
 Force Lance              Conj/Tloc      ##......     52%         4    ####...
 Fulminant Prism          Conj/Hex       ##........   52%         4    ####...


Dungeon Overview and Level Annotations

Branches:
Dungeon (5/15)
 Temple: D:4-7

Altars:
Elyvilon
Sif Muna
Trog
Zin

Annotations:
D:3 1 exclusion
D:4 Natasha


Innate Abilities, Weirdness & Mutations

You are small and have problems with some larger weapons.
You are carnivorous and can eat meat at any time.


Message History

You destroy the human zombie!
Sif Muna accepts your kill.
You start resting.
Magic restored.
HP restored.
Sif Muna stops granting you divine energy.
Okay, then.
There is a gate leading back out of this place here.
k - 108 stones (gained 1)
You now have 284 gold pieces (gained 11).
You now have 292 gold pieces (gained 8).
You now have 300 gold pieces (gained 8).
You now have 312 gold pieces (gained 12).
You now have 332 gold pieces (gained 20).
You now have 344 gold pieces (gained 12).
You now have 366 gold pieces (gained 22).
You now have 384 gold pieces (gained 18).
You now have 393 gold pieces (gained 9).
You now have 410 gold pieces (gained 17).
You now have 417 gold pieces (gained 7).
You now have 433 gold pieces (gained 16).
You now have 445 gold pieces (gained 12).
You now have 456 gold pieces (gained 11).
You now have 469 gold pieces (gained 13).
You now have 482 gold pieces (gained 13).
You now have 498 gold pieces (gained 16).
You now have 509 gold pieces (gained 11).
You now have 527 gold pieces (gained 18).
You now have 533 gold pieces (gained 6).
Done exploring.
Done exploring.
There is a gate leading back out of this place here.
Welcome back to the Dungeon!
There is a collapsed entrance here.
Casting: Magic Dart (safe; 2% risk of failure)
Confirm with . or Enter, or press ? or * to list all spells.
Aiming: Magic Dart (safe; 2% risk of failure)
Press: ? - help, Shift-Dir - straight line, f - gnoll
Aim: a gnoll, wielding a +0 spear (hasn't noticed you)
The magic dart hits the gnoll.
The gnoll is moderately wounded.
The gnoll shouts!
Casting: Magic Dart (safe; 2% risk of failure)
Confirm with . or Enter, or press ? or * to list all spells.
Aiming: Magic Dart (safe; 2% risk of failure)
Press: ? - help, Shift-Dir - straight line, f/p - gnoll
Aim: a gnoll, wielding a +0 spear (moderately wounded)
The magic dart hits the gnoll.
The gnoll is moderately wounded.
Casting: Magic Dart (safe; 2% risk of failure)
Confirm with . or Enter, or press ? or * to list all spells.
Aiming: Magic Dart (safe; 2% risk of failure)
Press: ? - help, Shift-Dir - straight line, f/p - gnoll
Aim: a gnoll, wielding a +0 spear (moderately wounded)
The magic dart hits the gnoll!
The gnoll is severely wounded.
A frilled lizard comes into view.
The gnoll hits you but does no damage.
You hit the gnoll but do no damage.
The gnoll is severely wounded.
The gnoll barely misses you.
You completely miss the gnoll.
The gnoll is severely wounded.
The gnoll hits you but does no damage.
A centaur comes into view.
Casting: Magic Dart (safe; 2% risk of failure)
Confirm with . or Enter, or press ? or * to list all spells.
Aiming: Magic Dart (safe; 2% risk of failure)
Press: ? - help, Shift-Dir - straight line, f/p - gnoll
Aim: a gnoll, wielding a +0 spear (severely wounded)
The magic dart hits the gnoll.
You kill the gnoll!
Sif Muna accepts your kill.
Casting: Magic Dart (safe; 2% risk of failure)
Confirm with . or Enter, or press ? or * to list all spells.
Aiming: Magic Dart (safe; 2% risk of failure)
Press: ? - help, Shift-Dir - straight line, f - frilled lizard
Aim: a frilled lizard The magic dart hits the frilled lizard.
You kill the frilled lizard!
Sif Muna accepts your kill.
The centaur wields a +0 shortbow.
The centaur shoots an arrow.
The arrow hits you!
The centaur shoots an arrow.
The arrow barely misses you.
The centaur shoots an arrow.
The arrow hits you!
You see here an arrow.
The centaur shoots an arrow.
The arrow hits you.
An ice beast comes into view.
The centaur shoots an arrow.
The arrow barely misses you.
You see here an arrow.
The centaur shoots an arrow.
The arrow completely misses you.
The centaur shoots an arrow.
The arrow completely misses you.
You see here 2 arrows.
The gnoll hits you but does no damage. The gnoll misses you.
The centaur shoots an arrow.
The arrow barely misses you.
The centaur shoots an arrow.
The arrow misses you. The gnoll misses you.
The centaur shoots an arrow.
The arrow hits you!
* * * LOW HITPOINT WARNING * * *
The gnoll hits you but does no damage.
The centaur shoots an arrow.
The arrow hits you!
You die...

#. #....## ###.# #.## #.##.####
#.# ##..## #....######## #.#
#..... ##..........# #.# #....#
#.##.......######.###....#
########.##...........c(........#
#........##......g....##.###....#
..#########........#####.###....#
### #....>@.## #.##..)..# #
#.......# #.##..(..# ...
#....g..# #.c((..?.# ###.
.........# ####.....# ##.......#
#.....# ######### ##..[.# ##....
####. .


You could see a centaur and 2 gnolls.

Vanquished Creatures
  A human zombie (Ossuary)
  Natasha (D:4)
  A big kobold zombie (Ossuary)
  2 mummies (Ossuary)
  A gnoll (D:5)
  6 adders
  A shadow imp (D:2)
  3 oozes (Sewer)
  5 worms
  A dart slug (D:2)
  7 leopard geckos
  2 orcs
  5 giant cockroaches
  6 goblins
  5 hobgoblins
  6 jackals
  2 ball pythons (D:1)
  13 bats
  5 frilled lizards
  A gnoll zombie (Ossuary)
  3 goblin zombies (Ossuary)
  6 hobgoblin zombies (Ossuary)
  4 kobolds
  2 orc zombies (Ossuary)
  10 rats
99 creatures vanquished.

Notes
Turn   | Place    | Note
-------+----------+-------------------------------------------
     0 | D:1      | MisterOstroum the Kobold Conjurer began the quest for the
                  | Orb.
     0 | D:1      | Reached XP level 1. HP: 10/10 MP: 3/3
   184 | D:1      | Reached skill level 1 in Fighting
   258 | D:1      | Reached XP level 2. HP: 16/16 MP: 1/5
   262 | D:1      | Learned a level 2 spell: Searing Ray
  1476 | D:2      | Reached XP level 3. HP: 18/20 MP: 2/6
  2077 | D:2      | Found a bloodstained altar of Trog.
  2079 | D:2      | Found a white marble altar of Elyvilon.
  2090 | D:2      | Reached skill level 5 in Conjurations
  2090 | D:2      | Reached XP level 4. HP: 26/26 MP: 2/7
  2413 | D:2      | Found a glowing silver altar of Zin.
  2864 | D:3      | Found a deep blue altar of Sif Muna.
  2870 | D:3      | Became a worshipper of Sif Muna the Loreminder
  3330 | D:3      | Reached XP level 5. HP: 30/30 MP: 4/8
  3494 | D:3      | Found a bloodstained altar of Trog.
  3494 | D:3      | Noticed an eye of draining
  3494 | D:3      | Noticed an eye of draining
  3955 | D:4      | Reached skill level 5 in Stealth
  3967 | D:4      | Found a glowing drain.
  3997 | Sewer    | Entered a sewer
  5172 | D:4      | Noticed Natasha
  5177 | D:4      | Killed Natasha
  5177 | D:4      | Reached XP level 6. HP: 36/36 MP: 3/10
  5185 | D:4      | Noticed Natasha
  5195 | D:5      | Entered Level 5 of the Dungeon
  5251 | D:5      | Found a sand-covered staircase.
  5258 | Ossuary  | Entered an ossuary
  5262 | Ossuary  | Reached skill level 1 in Shields
  5589 | Ossuary  | Reached * piety under Sif Muna
  5987 | D:5      | Noticed an ice beast
  6001 | D:5      | Shot with an arrow by a centaur

Skill      XL: |  1  2  3  4  5  6 |
---------------+-------------------+-----
Fighting       | 1 2 3 |  3.3
Conjurations   | 5 |  5.0
Stealth        | 4 5 |  5.0
Shields        | 1 |  1.7
Dodging        | |  2.4
Spellcasting   | |  2.8

Action                   |  1- 3 |  4- 6 || total
-------------------------+-------+-------++-------
Melee: Unarmed           |    22 |       ||    22
       Short sword       |     5 |    68 ||    73
       Dagger            |     3 |       ||     3
Throw: Stone             |       |     2 ||     2
 Cast: Magic Dart        |    59 |   106 ||   165
       Searing Ray       |     5 |    16 ||    21
Invok: Divine Energy     |       |     1 ||     1
       Stop Divine Energ |       |     1 ||     1
  Use: Scroll            |       |     4 ||     4
       Potion            |       |     1 ||     1
 Stab: Sleeping          |       |     4 ||     4
  Eat: Chunk             |    13 |    10 ||    23
Armor: Robe              |    20 |    36 ||    56
Dodge: Dodged            |    74 |   119 ||   193
